AoeStats
← metze444

Golden Pit

509686472Analyzed
1v1 RM · 5d ago on Sep 27, 2026· 29m 8s· 2 players
Game mode
Random Map
Map size
Tiny (2 player)
Population
200
Speed
Normal
Resources
Standard
Victory
Conquest
Starting age
Dark Age
Ending age
Imperial Age
RankedLock teamsTeams togetherTeam positionsShared explorationLock speedFull tech treeHidden civsTurbo modeCheats
Victory
Defeat
🇨🇦 Burgundians · Canada
871
+17
🇩🇪 Malay · Germany
895
-17
k3p
6:10 Double-Bit Axe
10:48 Feudal Age
10:21 Horse Collar
11:38 Bow Saw
11:30 Heavy Plow
12:03 Loom
13:22 Man-at-Arms
20:22 Castle Age
19:39 Gold Mining
20:45 Forging
20:47 Long Swordsman
22:20 Elite Skirmisher
23:08 Scale Mail Armor
23:13 Scale Barding Armor
24:38 Gold Shaft Mining
23:53 Stone Mining
25:37 Cavalier
27:20 Stone Mining
metze444
9:21 Loom
12:28 Feudal Age
12:32 Double-Bit Axe
12:31 Horse Collar
15:30 Gold Mining
20:20 Castle Age
18:57 Forging
19:21 Arson
20:04 Squires
21:01 Bow Saw
20:38 Man-at-Arms
21:45 Long Swordsman
23:41 Town Watch
24:32 Pikeman
27:51 Fletching
28:26 Treadmill Crane
Connection lost

Rejoining the realm…

Still unreachable

The connection could not be restored.

Session expired

The server has moved on; the page needs a fresh start.